AoeStats
← 瞌睡虫

Arabia

504103422Analyzed
1v1 RM · 28d ago on Sep 3, 2026· 80m 14s· 2 players
Game mode
Random Map
Map size
Tiny (2 player)
Population
200
Speed
Normal
Resources
Standard
Victory
Conquest
Starting age
Dark Age
Ending age
Imperial Age
RankedLock teamsTeams togetherTeam positionsShared explorationLock speedFull tech treeHidden civsTurbo modeCheats
Victory
Defeat
🇹🇼 Wei · Taiwan
2053
+19
🇨🇳 Mongols · China
2119
-19
瞌睡虫
6:31 Loom
9:32 Feudal Age
10:00 Double-Bit Axe
20:33 Castle Age
18:46 Fletching
18:39 Horse Collar
20:35 Elite Skirmisher
21:11 Bodkin Arrow
21:28 Bow Saw
21:19 Padded Archer Armor
22:59 Leather Archer Armor
26:24 Ballistics
27:20 Wheelbarrow
26:30 Town Watch
31:42 Husbandry
31:57 Bloodlines
35:48 Scale Barding Armor
35:41 Stone Mining
35:42 Gold Mining
39:14 Scale Barding Armor
40:50 Chain Barding Armor
47:29 Imperial Age
46:28 Forging
47:12 Stone Shaft Mining
46:51 Heavy Plow
47:44 Iron Casting
49:10 Hand Cart
50:25 Blast Furnace
50:32 Bracer
51:02 Ring Archer Armor
51:33 Conscription
52:43 Gold Shaft Mining
52:45 Crop Rotation
53:34 Chemistry
52:15 Treadmill Crane
52:45 Masonry
52:31 Murder Holes
52:44 Elite Tiger Cavalry
54:28 Thumb Ring
57:30 Capped Ram
57:53 Light Cavalry
59:06 Ming Guang Armor
61:12 Hoardings
62:18 Siege Ram
75:48 Hussar
xingxing
6:00 Loom
8:05 Feudal Age
8:59 Double-Bit Axe
11:31 Horse Collar
19:35 Castle Age
17:46 Gold Mining
18:43 Fletching
19:39 Crossbowman
20:15 Bodkin Arrow
22:10 Ballistics
22:21 Padded Archer Armor
25:22 Bow Saw
27:31 Elite Skirmisher
39:46 Wheelbarrow
42:56 Imperial Age
41:05 Thumb Ring
41:11 Bloodlines
42:13 Husbandry
42:14 Heavy Plow
42:05 Stone Mining
43:50 Bracer
44:52 Chemistry
47:27 Parthian Tactics
48:40 Heavy Cavalry Archer
50:14 Hand Cart
52:27 Light Cavalry
53:31 Hussar
54:18 Scale Barding Armor
55:07 Forging
64:00 Leather Archer Armor
72:20 Iron Casting
76:52 Chain Barding Armor
Connection lost

Rejoining the realm…

Still unreachable

The connection could not be restored.

Session expired

The server has moved on; the page needs a fresh start.